Saguenéens vs Rafales

Created - 11 mai 2016 at 22:01

Goals
1 2 3 T
Saguenéens 0 2 0 2
Rafales 1 1 1 3
Shots
1 2 3 T
Saguenéens 6 9 16 31
Rafales 8 11 7 26

1st period

1. Rafales , Dan Fritsche 3 (Cody McLeod, Bruno Gervais) at 4:19

Penalties :
Dalton Prout (Chi) for Tripping (Minor) at 1:44, Craig Cunningham (Chi) for Cross-checking (Minor) at 7:06

2nd period

2. Saguenéens , Tim Kennedy 4 (Karel Pilar, Brandon Burlon) at 2:13
3. Saguenéens , Spencer Machacek 5 (Kyle Brodziak) at 7:13 (PP)
4. Rafales , Kevin Veilleux 2 (Cody McLeod) at 11:58

Penalties :
Mike Sislo (Stf) for Hooking (Minor) at 7:12

3rd period

5. Rafales , Johan Ryno 2 (Nathan Davis, Ryan Ellis) at 3:18 (PP)

Penalties :
Kyle Brodziak (Chi) for Interference (Minor) at 2:42, Geoff Paukovich (Stf) for Holding (Minor) at 12:21, Cody McLeod (Stf) for Roughing (Minor) at 14:47

Goalie Stats

Al Montoya (Chi), 23 saves from 26 shots - (0,885), L, 2-4-0, 59:27 minutes
Loïc Lacasse (Stf), 29 saves from 31 shots - (0,935), W, 4-1-0, 60:00 minutes

Players Stats for Saguenéens

Player Name              G  A  P  +/- PIM S  H  SB GA TA FO     MP     PP MP  PK MP  
------------------------------------------------------------------------------------
Brandon Burlon           0  1  1   0  0   1  2  0  0  1  0/0    21:03   0:00   2:49 
Brett Lebda              0  0  0   0  0   3  4  2  1  0  0/0    21:18   2:01   1:45 
Brian Flynn              0  0  0  -1  0   0  0  0  0  0  2/3    12:43   1:39   0:00 
Craig Cunningham         0  0  0   0  2   1  3  0  0  0  0/1    18:35   2:20   0:00 
Dalton Prout             0  0  0  -1  2   2  5  1  0  0  0/0    14:08   0:00   0:00 
J.T. Wyman               0  0  0  -1  0   0  2  0  1  0  0/1    13:04   0:00   1:28 
Juraj Mikus              0  0  0   0  0   3  0  0  0  0  0/5    10:03   0:00   1:42 
Justin Florek            0  0  0   0  0   1  0  0  0  0  0/0     8:45   0:00   0:00 
Karel Pilar              0  1  1   0  0   3  1  2  0  2  0/0    24:39   1:58   2:49 
Kevin Marshall           0  0  0  -1  0   0  0  2  0  0  0/0    19:34   1:58   1:45 
Kyle Brodziak            0  1  1   0  2   2  2  0  0  1  15/35  21:44   2:20   2:07 
Mathieu Perreault        0  0  0   0  0   1  1  0  0  0  4/8    16:32   1:39   0:45 
Rhett Rakhshani          0  0  0   0  0   2  0  0  1  0  0/0     8:15   0:00   0:00 
Roman Josi               0  0  0   0  0   0  1  3  0  1  0/0    19:23   2:01   0:00 
Spencer Machacek         1  0  1   0  0   8  3  0  2  0  1/2    22:21   2:20   2:43 
Teemu Pulkkinen          0  0  0  -1  0   1  1  0  1  0  0/0    12:06   0:00   0:23 
Tim Kennedy              1  0  1   0  0   1  1  2  1  0  0/2    15:26   0:00   0:00 
Tyler Pitlick            0  0  0   0  0   2  2  1  0  0  1/3    15:44   1:39   0:00 

Players Stats for Rafales

Player Name              G  A  P  +/- PIM S  H  SB GA TA FO     MP     PP MP  PK MP  
------------------------------------------------------------------------------------
Bruno Gervais            0  1  1   2  0   1  1  1  0  1  0/0    18:59   1:21   1:41 
Carl Klingberg           0  0  0   1  0   3  0  1  0  0  0/0    11:34   0:00   1:04 
Chris Terry              0  0  0   0  0   0  0  1  0  0  0/0     1:41   0:00   0:00 
Cody McLeod              0  2  2   1  2   3  2  0  1  0  4/6    24:33   2:10   1:16 
Dan Fritsche             1  0  1   1  0   5  1  0  0  1  16/23  26:25   1:55   2:32 
Geoff Paukovich          0  0  0   0  2   0  1  0  0  0  1/2     5:23   0:15   0:04 
Jayson Megna             0  0  0   0  0   0  0  0  0  0  0/1     1:04   0:00   1:03 
Jeff Skinner             0  0  0   1  0   0  0  1  0  0  0/0     9:38   0:00   0:00 
Johan Ryno               1  0  1  -1  0   1  1  1  0  0  0/1    18:52   2:24   0:00 
Jonas Junland            0  0  0   0  0   0  0  0  0  0  0/0    10:19   0:00   0:00 
Jonathan Rheault         0  0  0   0  0   0  0  0  1  0  1/1    16:30   2:10   0:00 
Julian Melchiori         0  0  0   0  0   0  0  1  0  0  0/0     6:01   0:00   0:00 
Kevin Veilleux           1  0  1   1  0   1  2  1  0  0  0/0     9:38   0:00   0:00 
Marc-André Gragnani      0  0  0   0  0   0  0  0  0  0  0/0    10:19   0:00   0:00 
Mark Fayne               0  0  0   0  0   0  0  2  0  0  0/0     6:01   0:00   0:00 
Matt Gilroy              0  0  0   2  0   1  1  1  0  2  0/0    18:59   1:21   1:41 
Michael Bournival        0  0  0   0  0   0  0  0  0  0  0/1     1:42   0:00   1:17 
Mike Sislo               0  0  0  -1  2   3  3  0  0  1  3/4    19:10   2:24   0:19 
Nathan Davis             0  1  1  -1  0   1  4  0  0  0  11/17  19:19   2:24   0:23 
Petr Kalus               0  0  0   1  0   2  0  1  0  0  1/4    10:29   0:00   0:00 
Ryan Ellis               0  1  1  -1  0   4  2  0  1  1  0/0    24:41   3:13   2:18 
Willie Mitchell          0  0  0  -1  0   1  3  3  2  1  0/0    24:41   3:13   2:18 

3 Stars

1 - Kevin Veilleux (Stf)
2 - Dan Fritsche (Stf)
3 - Spencer Machacek (Chi)

Power Play

Saguenéens - 1 on 3 Attempt(s) - 33,33%
Rafales - 1 on 3 Attempt(s) - 33,33%

Penalty Kill

Saguenéens - 2 on 3 Attempt(s) - 66,67% - Score 0 goal in Penalty Kill
Rafales - 2 on 3 Attempt(s) - 66,67% - Score 0 goal in Penalty Kill

Team Stat

Saguenéens - Hits : 28 - Faceoff Wins : 23 - Blocked Shots : 13 - Penalty Minutes : 6
Rafales - Hits : 21 - Faceoff Wins : 37 - Blocked Shots : 14 - Penalty Minutes : 6

Official

Referees : O'Rourke Dan and Meier Brad
Linesman : Steve Miller and Darren Gibbs

Game Notes

No Game Note

Finance

Level 1 -- Attendance: 1659 (82,95%) -- Ticket Income 58 065 $
Level 2 -- Attendance: 923 (92,30%) -- Ticket Income 13 845 $
Total Attendance: 2582 (86,07%)
Total Ticket Income: 71 910 $
Other Income: 3 596 $
Total Income: 75 506 $

Saguenéens

5 vs 5 Forward 
   Center                   Left Wing                Right Wing               Time % Phy DF OF 
 1 Kyle Brodziak            Craig Cunningham         Spencer Machacek         40     1   2  2  
 2 Mathieu Perreault        Tim Kennedy              Tyler Pitlick            27     1   2  2  
 3 Brian Flynn              Teemu Pulkkinen          J.T. Wyman               23     1   2  2  
 4 Juraj Mikus              Justin Florek            Rhett Rakhshani          10     1   2  2  

5 vs 5 Defense 
   Defense                  Defense                                           Time % Phy DF OF 
 1 Karel Pilar              Brandon Burlon                                    35     1   2  2  
 2 Brett Lebda              Roman Josi                                        33     1   2  2  
 3 Kevin Marshall           Dalton Prout                                      27     1   2  2  
 4 Karel Pilar              Kevin Marshall                                    5      1   2  2  

PowerPlay Forward 
   Center                   Left Wing                Right Wing               Time % Phy DF OF 
 1 Kyle Brodziak            Craig Cunningham         Spencer Machacek         60     1   2  2  
 2 Brian Flynn              Mathieu Perreault        Tyler Pitlick            40     1   2  2  

PowerPlay Defense
   Defense                  Defense                                           Time % Phy DF OF 
 1 Karel Pilar              Kevin Marshall                                    60     1   2  2  
 2 Brett Lebda              Roman Josi                                        40     1   2  2  

Penalty Kill 4 Players Forward 
   Center                   Wing                     Time % Phy DF OF 
 1 Kyle Brodziak            Spencer Machacek         60     1   2  2  
 2 Juraj Mikus              J.T. Wyman               40     1   2  2  

Penalty Kill 4 Players Defense
   Defense                  Defense                  Time % Phy DF OF 
 1 Karel Pilar              Brandon Burlon           60     1   2  2  
 2 Brett Lebda              Kevin Marshall           40     1   2  2  

Penalty Kill - 3 Players Forward 
   Forward                                           Time % Phy DF OF 
 1 Kyle Brodziak                                     60     1   2  2  
 2 J.T. Wyman                                        40     1   2  2  

Penalty Kill - 3 Players Defense
   Defense                  Defense                  Time % Phy DF OF 
 1 Karel Pilar              Brandon Burlon           60     1   2  2  
 2 Brett Lebda              Kevin Marshall           40     1   2  2  

4 vs 4 Forward 
   Center                   Wing                     Time % Phy DF OF 
 1 Kyle Brodziak            Tyler Pitlick            60     1   2  2  
 2 Mathieu Perreault        Spencer Machacek         40     1   2  2  

4 vs 4 Defense
   Defense                  Defense                  Time % Phy DF OF 
 1 Karel Pilar              Brandon Burlon           60     1   2  2  
 2 Brett Lebda              Kevin Marshall           40     1   2  2  

Last Minutes Offensive
   Center                   Left Wing                Right Wing               Defense                  Defense                  
   Kyle Brodziak            Tim Kennedy              Spencer Machacek         Karel Pilar              Brett Lebda              

Last Minutes Defensive
   Center                   Left Wing                Right Wing               Defense                  Defense                  
   Kyle Brodziak            Tim Kennedy              Spencer Machacek         Karel Pilar              Kevin Marshall           

Goaltenders
Starting : Al Montoya               
Backup : Martin Jones             

Extra Forwards
Normal : Teemu Pulkkinen, Justin Florek, Kyle Brodziak - PP : Craig Cunningham, J.T. Wyman - PK : Mathieu Perreault
Extra Defensemen
Normal : Kevin Marshall, Dalton Prout, Brett Lebda - PP : Brandon Burlon - PK : Roman Josi, Dalton Prout
Penalty Shots
Kyle Brodziak, Brian Flynn, Spencer Machacek, Juraj Mikus, Tim Kennedy

Rafales

5 vs 5 Forward 
   Center                   Left Wing                Right Wing               Time % Phy DF OF 
 1 Dan Fritsche             Cody McLeod              Jonathan Rheault         40     1   2  2  
 2 Nathan Davis             Mike Sislo               Johan Ryno               30     1   2  2  
 3 Kevin Veilleux           Jeff Skinner             Cody McLeod              20     1   2  2  
 4 Petr Kalus               Carl Klingberg           Dan Fritsche             10     1   2  2  

5 vs 5 Defense 
   Defense                  Defense                                           Time % Phy DF OF 
 1 Willie Mitchell          Ryan Ellis                                        40     1   2  2  
 2 Bruno Gervais            Matt Gilroy                                       30     1   2  2  
 3 Jonas Junland            Marc-André Gragnani                               20     1   2  2  
 4 Mark Fayne               Julian Melchiori                                  10     1   2  2  

PowerPlay Forward 
   Center                   Left Wing                Right Wing               Time % Phy DF OF 
 1 Dan Fritsche             Cody McLeod              Jonathan Rheault         60     1   2  2  
 2 Nathan Davis             Mike Sislo               Johan Ryno               40     1   2  2  

PowerPlay Defense
   Defense                  Defense                                           Time % Phy DF OF 
 1 Willie Mitchell          Ryan Ellis                                        60     1   2  2  
 2 Bruno Gervais            Matt Gilroy                                       40     1   2  2  

Penalty Kill 4 Players Forward 
   Center                   Wing                     Time % Phy DF OF 
 1 Cody McLeod              Dan Fritsche             60     1   2  2  
 2 Nathan Davis             Mike Sislo               40     1   2  2  

Penalty Kill 4 Players Defense
   Defense                  Defense                  Time % Phy DF OF 
 1 Willie Mitchell          Ryan Ellis               60     1   2  2  
 2 Bruno Gervais            Matt Gilroy              40     1   2  2  

Penalty Kill - 3 Players Forward 
   Forward                                           Time % Phy DF OF 
 1 Cody McLeod                                       60     1   2  2  
 2 Dan Fritsche                                      40     1   2  2  

Penalty Kill - 3 Players Defense
   Defense                  Defense                  Time % Phy DF OF 
 1 Willie Mitchell          Ryan Ellis               60     1   2  2  
 2 Bruno Gervais            Matt Gilroy              40     1   2  2  

4 vs 4 Forward 
   Center                   Wing                     Time % Phy DF OF 
 1 Cody McLeod              Dan Fritsche             60     1   2  2  
 2 Nathan Davis             Mike Sislo               40     1   2  2  

4 vs 4 Defense
   Defense                  Defense                  Time % Phy DF OF 
 1 Willie Mitchell          Ryan Ellis               60     1   2  2  
 2 Bruno Gervais            Matt Gilroy              40     1   2  2  

Last Minutes Offensive
   Center                   Left Wing                Right Wing               Defense                  Defense                  
   Dan Fritsche             Cody McLeod              Jonathan Rheault         Willie Mitchell          Ryan Ellis               

Last Minutes Defensive
   Center                   Left Wing                Right Wing               Defense                  Defense                  
   Dan Fritsche             Cody McLeod              Jonathan Rheault         Willie Mitchell          Ryan Ellis               

Goaltenders
Starting : Loïc Lacasse             
Backup : Eddie Lack               

Extra Forwards
Normal : Geoff Paukovich, Chris Terry, Michael Bournival - PP : Geoff Paukovich, Chris Terry - PK : Michael Bournival
Extra Defensemen
Normal : Jonas Junland, Marc-André Gragnani, Mark Fayne - PP : Jonas Junland - PK : Marc-André Gragnani, Mark Fayne
Penalty Shots
Cody McLeod, Dan Fritsche, Nathan Davis, Mike Sislo, Jeff Skinner

% Time on Ice - Saguenéens

Lines # - Real PCT - Wanted PCT - Time Play
Normal Forward
1 - 32% - 40% - 16:11
2 - 30% - 27% - 14:52
3 - 22% - 23% - 10:59
4 - 16% - 10% - 8:15
Normal Defense
1 - 37% - 35% - 18:42
2 - 34% - 33% - 17:06
3 - 26% - 27% - 13:07
4 - 3% - 5% - 1:22
PP Forward
1 - 59% - 60% - 2:20
2 - 41% - 40% - 1:39
PP Defense
1 - 49% - 60% - 1:58
2 - 51% - 40% - 2:01
PK Forward
1 - 68% - 60% - 3:06
2 - 32% - 40% - 1:28
PK Defense
1 - 62% - 60% - 2:49
2 - 38% - 40% - 1:45
PK3 Forward
1 - 0% - 60%
2 - 0% - 40%
PK3 Defense
1 - 0% - 60%
2 - 0% - 40%
44 Forward
1 - 0% - 60%
2 - 0% - 40%
44 Defense
1 - 0% - 60%
2 - 0% - 40%
Last Minute Offensive  - 1:10
Last Minute Defensive  - 0:00
Total
Forward - 60:00
Defense - 60:00

% Time on Ice - Rafales

Lines # - Real PCT - Wanted PCT - Time Play
Normal Forward
1 - 26% - 40% - 13:18
2 - 34% - 30% - 16:53
3 - 19% - 20% - 9:38
4 - 21% - 10% - 10:29
Normal Defense
1 - 37% - 40% - 18:44
2 - 32% - 30% - 15:57
3 - 21% - 20% - 10:19
4 - 11% - 10% - 5:18
PP Forward
1 - 47% - 60% - 2:10
2 - 53% - 40% - 2:24
PP Defense
1 - 70% - 60% - 3:13
2 - 30% - 40% - 1:21
PK Forward
1 - 92% - 60% - 3:40
2 - 8% - 40% - 0:19
PK Defense
1 - 58% - 60% - 2:18
2 - 42% - 40% - 1:41
PK3 Forward
1 - 0% - 60%
2 - 0% - 40%
PK3 Defense
1 - 0% - 60%
2 - 0% - 40%
44 Forward
1 - 0% - 60%
2 - 0% - 40%
44 Defense
1 - 0% - 60%
2 - 0% - 40%
Last Minute Offensive  - 0:00
Last Minute Defensive  - 1:09
Total
Forward - 60:00
Defense - 60:00

Play by Play

1st period


0:01 of 1st period - Cody McLeod wins face-off versus Kyle Brodziak in neutral zone.
0:25 of 1st period - Ryan Ellis is hit by Tim Kennedy and loses puck.
1:24 of 1st period - Backhand shot by Spencer Machacek.
1:24 of 1st period - Stopped by Loïc Lacasse without a rebound.
1:25 of 1st period - Cody McLeod wins face-off versus Kyle Brodziak in Rafales zone.
1:44 of 1st period - Minor Penalty to Dalton Prout for Tripping.
1:45 of 1st period - Dan Fritsche wins face-off versus Spencer Machacek in Saguenéens zone.
2:19 of 1st period - Off-side.
2:20 of 1st period - Dan Fritsche wins face-off versus Juraj Mikus in neutral zone.
2:27 of 1st period - Snap shot by Cody McLeod.
2:27 of 1st period - Shot Misses the Net.
3:21 of 1st period - Snap shot by Mike Sislo.
3:21 of 1st period - Shot Misses the Net.
3:23 of 1st period - Snap shot by Willie Mitchell.
3:23 of 1st period - Shot Misses the Net.
3:25 of 1st period - Wrist shot by Willie Mitchell.
3:25 of 1st period - Stopped by Al Montoya with a rebound.
3:27 of 1st period - Slapshot by Ryan Ellis.
3:27 of 1st period - Shot Blocked by Karel Pilar.
3:29 of 1st period - Snap shot by Ryan Ellis.
3:29 of 1st period - Stopped by Al Montoya without a rebound.
3:30 of 1st period - Dan Fritsche wins face-off versus Kyle Brodziak in Saguenéens zone.
3:33 of 1st period - Wrist shot by Cody McLeod.
3:33 of 1st period - Stopped by Al Montoya with a rebound.
3:35 of 1st period - Slapshot by Bruno Gervais.
3:35 of 1st period - Stopped by Al Montoya with a rebound.
3:37 of 1st period - Slapshot by Jonathan Rheault.
3:37 of 1st period - Shot Blocked by Brett Lebda.
3:44 of 1st period - Penalty to Dalton Prout is over, Dalton Prout is back on ice.
4:17 of 1st period - Wrist shot by Dan Fritsche.
4:17 of 1st period - Shot Blocked by Karel Pilar.
4:19 of 1st period - Snap shot by Dan Fritsche.
4:19 of 1st period - Goal by Dan Fritsche - Saguenéens : 0 - Rafales : 1.
4:20 of 1st period - Nathan Davis wins face-off versus Kyle Brodziak in neutral zone.
4:45 of 1st period - Ryan Ellis is hit by Dalton Prout and loses puck.
4:58 of 1st period - Slapshot by Brett Lebda.
4:58 of 1st period - Stopped by Loïc Lacasse without a rebound.
4:59 of 1st period - Nathan Davis wins face-off versus Mathieu Perreault in Rafales zone.
5:54 of 1st period - Wrist shot by Brian Flynn.
5:54 of 1st period - Shot Misses the Net.
5:56 of 1st period - Slapshot by Karel Pilar.
5:56 of 1st period - Stopped by Loïc Lacasse without a rebound.
5:57 of 1st period - Mathieu Perreault wins face-off versus Petr Kalus in Rafales zone.
6:23 of 1st period - Kevin Marshall is hit by Dan Fritsche and loses puck.
6:38 of 1st period - Snap shot by Dan Fritsche.
6:38 of 1st period - Stopped by Al Montoya with a rebound.
6:40 of 1st period - Snap shot by Bruno Gervais.
6:40 of 1st period - Shot Blocked by Kevin Marshall.
6:42 of 1st period - Snap shot by Dan Fritsche.
6:42 of 1st period - Deflect By Carl Klingberg.
6:42 of 1st period - Stopped by Al Montoya with a rebound.
6:56 of 1st period - Wrist shot by Dan Fritsche.
6:56 of 1st period - Shot Blocked by Kevin Marshall.
6:58 of 1st period - Wrist shot by Carl Klingberg.
6:58 of 1st period - Stopped by Al Montoya with a rebound.
7:02 of 1st period - Slapshot by Petr Kalus.
7:02 of 1st period - Deflect By Dan Fritsche.
7:02 of 1st period - Shot Misses the Net.
7:02 of 1st period - Puck is out of play.
7:03 of 1st period - Kyle Brodziak wins face-off versus Nathan Davis in Saguenéens zone.
7:03 of 1st period - Kyle Brodziak is hit by Nathan Davis.
7:06 of 1st period - Minor Penalty to Craig Cunningham for Cross-checking.
7:07 of 1st period - Kyle Brodziak wins face-off versus Johan Ryno in Saguenéens zone.
7:55 of 1st period - Brett Lebda is hit by Matt Gilroy.
9:01 of 1st period - Bruno Gervais is hit by Brett Lebda and loses puck.
9:06 of 1st period - Penalty to Craig Cunningham is over, Craig Cunningham is back on ice.
9:16 of 1st period - Ryan Ellis is hit by Dalton Prout and loses puck.
9:32 of 1st period - Slapshot by Carl Klingberg.
9:32 of 1st period - Shot Blocked by Roman Josi.
9:42 of 1st period - Jonas Junland is hit by Brett Lebda and loses puck.
11:50 of 1st period - Wrist shot by Juraj Mikus.
11:50 of 1st period - Stopped by Loïc Lacasse with a rebound.
12:07 of 1st period - Icing by Karel Pilar.
12:08 of 1st period - Mathieu Perreault wins face-off versus Geoff Paukovich in Saguenéens zone.
12:17 of 1st period - Off-side.
12:18 of 1st period - Kyle Brodziak wins face-off versus Nathan Davis in neutral zone.
12:21 of 1st period - Snap shot by Spencer Machacek.
12:21 of 1st period - Stopped by Loïc Lacasse with a rebound.
12:23 of 1st period - Slapshot by Roman Josi.
12:23 of 1st period - Shot Blocked by Johan Ryno.
12:25 of 1st period - Snap shot by Spencer Machacek.
12:25 of 1st period - Stopped by Loïc Lacasse with a rebound.
13:27 of 1st period - Wrist shot by Mike Sislo.
13:27 of 1st period - Shot Misses the Net.
14:19 of 1st period - Wrist shot by Tim Kennedy.
14:19 of 1st period - Shot Misses the Net.
14:37 of 1st period - Roman Josi is hit by Kevin Veilleux and loses puck.
14:49 of 1st period - Cody McLeod is hit by Dalton Prout and loses puck.
15:47 of 1st period - Wrist shot by Brian Flynn.
15:47 of 1st period - Shot Blocked by Chris Terry.
15:49 of 1st period - Slapshot by Kevin Marshall.
15:49 of 1st period - Shot Blocked by Julian Melchiori.
15:51 of 1st period - Slapshot by Dalton Prout.
15:51 of 1st period - Shot Blocked by Mark Fayne.
15:53 of 1st period - Snap shot by Brian Flynn.
15:53 of 1st period - Shot Misses the Net.
16:03 of 1st period - Jonathan Rheault is hit by Dalton Prout.
16:47 of 1st period - Dalton Prout is hit by Geoff Paukovich and loses puck.
17:49 of 1st period - Dan Fritsche is hit by J.T. Wyman and loses puck.
18:02 of 1st period - Slapshot by J.T. Wyman.
18:02 of 1st period - Shot Misses the Net.
18:33 of 1st period - Jeff Skinner is hit by Roman Josi and loses puck.
19:00 of 1st period - Snap shot by J.T. Wyman.
19:00 of 1st period - Shot Blocked by Carl Klingberg.
19:56 of 1st period - Icing by Kevin Marshall.
19:57 of 1st period - Geoff Paukovich wins face-off versus Juraj Mikus in Saguenéens zone.
Goals for this period are 0 for Saguenéens vs 1 for Rafales.
Shots for this period are 6 for Saguenéens vs 8 for Rafales.

2nd period


0:01 of 2nd period - Dan Fritsche wins face-off versus Kyle Brodziak in neutral zone.
0:26 of 2nd period - Mike Sislo is hit by Brandon Burlon and loses puck.
0:38 of 2nd period - Off-side.
0:39 of 2nd period - Mathieu Perreault wins face-off versus Dan Fritsche in neutral zone.
0:48 of 2nd period - Wrist shot by Tim Kennedy.
0:48 of 2nd period - Shot Misses the Net.
1:57 of 2nd period - Jonas Junland is hit by Brandon Burlon.
2:13 of 2nd period - Wrist shot by Tim Kennedy.
2:13 of 2nd period - Goal by Tim Kennedy - Saguenéens : 1 - Rafales : 1.
2:14 of 2nd period - Kyle Brodziak wins face-off versus Dan Fritsche in neutral zone.
2:25 of 2nd period - Wrist shot by Spencer Machacek.
2:25 of 2nd period - Shot Misses the Net.
2:27 of 2nd period - Snap shot by Spencer Machacek.
2:27 of 2nd period - Deflect By Craig Cunningham.
2:27 of 2nd period - Shot Blocked by Willie Mitchell.
2:27 of 2nd period - Puck is out of play.
2:28 of 2nd period - Spencer Machacek wins face-off versus Dan Fritsche in Rafales zone.
2:39 of 2nd period - Snap shot by Cody McLeod.
2:39 of 2nd period - Stopped by Al Montoya with a rebound.
2:53 of 2nd period - Slapshot by Nathan Davis.
2:53 of 2nd period - Shot Misses the Net.
3:39 of 2nd period - Snap shot by Rhett Rakhshani.
3:39 of 2nd period - Stopped by Loïc Lacasse with a rebound.
3:41 of 2nd period - Snap shot by Juraj Mikus.
3:41 of 2nd period - Deflect By Justin Florek.
3:41 of 2nd period - Stopped by Loïc Lacasse without a rebound.
3:42 of 2nd period - Nathan Davis wins face-off versus Kyle Brodziak in Rafales zone.
4:08 of 2nd period - Kyle Brodziak is hit by Willie Mitchell and loses puck.
4:17 of 2nd period - Icing by Jonathan Rheault.
4:18 of 2nd period - Jonathan Rheault wins face-off versus J.T. Wyman in Rafales zone.
4:39 of 2nd period - Slapshot by Ryan Ellis.
4:39 of 2nd period - Shot Misses the Net.
5:10 of 2nd period - Slapshot by Ryan Ellis.
5:10 of 2nd period - Stopped by Al Montoya with a rebound.
5:12 of 2nd period - Snap shot by Dan Fritsche.
5:12 of 2nd period - Shot Misses the Net.
5:14 of 2nd period - Slapshot by Ryan Ellis.
5:14 of 2nd period - Deflect By Cody McLeod.
5:14 of 2nd period - Shot Blocked by Brett Lebda.
5:14 of 2nd period - Puck is out of play.
5:15 of 2nd period - Mike Sislo wins face-off versus Kyle Brodziak in Saguenéens zone.
5:16 of 2nd period - Snap shot by Nathan Davis.
5:16 of 2nd period - Shot Misses the Net.
6:00 of 2nd period - Snap shot by Carl Klingberg.
6:00 of 2nd period - Stopped by Al Montoya without a rebound.
6:01 of 2nd period - Petr Kalus wins face-off versus Juraj Mikus in Saguenéens zone.
6:02 of 2nd period - Wrist shot by Carl Klingberg.
6:02 of 2nd period - Shot Misses the Net.
6:08 of 2nd period - Slapshot by Bruno Gervais.
6:08 of 2nd period - Deflect By Petr Kalus.
6:08 of 2nd period - Stopped by Al Montoya without a rebound.
6:09 of 2nd period - Mike Sislo wins face-off versus Kyle Brodziak in Saguenéens zone.
6:12 of 2nd period - Snap shot by Mike Sislo.
6:12 of 2nd period - Stopped by Al Montoya without a rebound.
6:13 of 2nd period - Kyle Brodziak wins face-off versus Nathan Davis in Saguenéens zone.
6:49 of 2nd period - Icing by Brandon Burlon.
6:50 of 2nd period - Tyler Pitlick wins face-off versus Nathan Davis in Saguenéens zone.
6:50 of 2nd period - Tyler Pitlick is hit by Mike Sislo.
6:55 of 2nd period - Off-side.
6:56 of 2nd period - Nathan Davis wins face-off versus Kyle Brodziak in neutral zone.
7:12 of 2nd period - Minor Penalty to Mike Sislo for Hooking.
7:13 of 2nd period - Kyle Brodziak wins face-off versus Cody McLeod in Rafales zone.
7:13 of 2nd period - Wrist shot by Spencer Machacek.
7:13 of 2nd period - Goal by Spencer Machacek - Saguenéens : 2 - Rafales : 1.
7:14 of 2nd period - Dan Fritsche wins face-off versus Kyle Brodziak in neutral zone.
7:17 of 2nd period - Kyle Brodziak is hit by Willie Mitchell.
7:25 of 2nd period - Cody McLeod is hit by Brett Lebda.
7:48 of 2nd period - Roman Josi is hit by Mike Sislo and loses puck.
8:54 of 2nd period - Snap shot by Kyle Brodziak.
8:54 of 2nd period - Stopped by Loïc Lacasse without a rebound.
8:55 of 2nd period - Kyle Brodziak wins face-off versus Dan Fritsche in Rafales zone.
8:56 of 2nd period - Slapshot by Spencer Machacek.
8:56 of 2nd period - Stopped by Loïc Lacasse without a rebound.
8:57 of 2nd period - Kyle Brodziak wins face-off versus Dan Fritsche in Rafales zone.
9:27 of 2nd period - Brandon Burlon is hit by Nathan Davis and loses puck.
9:46 of 2nd period - Brian Flynn is hit by Cody McLeod and loses puck.
10:03 of 2nd period - Wrist shot by Dan Fritsche.
10:03 of 2nd period - Stopped by Al Montoya without a rebound.
10:04 of 2nd period - Kyle Brodziak wins face-off versus Nathan Davis in Saguenéens zone.
10:15 of 2nd period - Dalton Prout is hit by Nathan Davis and loses puck.
10:30 of 2nd period - Willie Mitchell is hit by Dalton Prout and loses puck.
10:35 of 2nd period - Snap shot by Brett Lebda.
10:35 of 2nd period - Deflect By Tim Kennedy.
10:35 of 2nd period - Shot Misses the Net.
10:35 of 2nd period - Puck is out of play.
10:36 of 2nd period - Dan Fritsche wins face-off versus Mathieu Perreault in Rafales zone.
10:36 of 2nd period - Dan Fritsche is hit by Tyler Pitlick.
11:03 of 2nd period - Brett Lebda is hit by Bruno Gervais and loses puck.
11:08 of 2nd period - Snap shot by Nathan Davis.
11:08 of 2nd period - Deflect By Mike Sislo.
11:08 of 2nd period - Shot Misses the Net.
11:08 of 2nd period - Puck is out of play.
11:09 of 2nd period - Dan Fritsche wins face-off versus Craig Cunningham in Saguenéens zone.
11:10 of 2nd period - Slapshot by Ryan Ellis.
11:10 of 2nd period - Stopped by Al Montoya with a rebound.
11:53 of 2nd period - Tim Kennedy is hit by Kevin Veilleux and loses puck.
11:58 of 2nd period - Snap shot by Kevin Veilleux.
11:58 of 2nd period - Deflect By Tim Kennedy.
11:58 of 2nd period - Goal by Kevin Veilleux - Saguenéens : 2 - Rafales : 2.
11:59 of 2nd period - Kyle Brodziak wins face-off versus Dan Fritsche in neutral zone.
12:08 of 2nd period - Cody McLeod is hit by Kyle Brodziak and loses puck.
12:27 of 2nd period - Slapshot by Karel Pilar.
12:27 of 2nd period - Stopped by Loïc Lacasse without a rebound.
12:28 of 2nd period - Nathan Davis wins face-off versus Tim Kennedy in Rafales zone.
12:37 of 2nd period - Snap shot by Mike Sislo.
12:37 of 2nd period - Stopped by Al Montoya with a rebound.
12:55 of 2nd period - Cody McLeod is hit by Kyle Brodziak.
13:18 of 2nd period - Ryan Ellis is hit by Teemu Pulkkinen and loses puck.
14:01 of 2nd period - Wrist shot by Rhett Rakhshani.
14:01 of 2nd period - Stopped by Loïc Lacasse without a rebound.
14:02 of 2nd period - Kyle Brodziak wins face-off versus Nathan Davis in Rafales zone.
14:53 of 2nd period - Slapshot by Brett Lebda.
14:53 of 2nd period - Shot Misses the Net.
16:15 of 2nd period - Dalton Prout is hit by Willie Mitchell and loses puck.
17:56 of 2nd period - Snap shot by J.T. Wyman.
17:56 of 2nd period - Shot Misses the Net.
17:58 of 2nd period - Wrist shot by Teemu Pulkkinen.
17:58 of 2nd period - Stopped by Loïc Lacasse with a rebound.
18:00 of 2nd period - Slapshot by Teemu Pulkkinen.
18:00 of 2nd period - Shot Misses the Net.
18:22 of 2nd period - Wrist shot by Juraj Mikus.
18:22 of 2nd period - Shot Misses the Net.
18:40 of 2nd period - Wrist shot by Ryan Ellis.
18:40 of 2nd period - Stopped by Al Montoya with a rebound.
19:37 of 2nd period - Mike Sislo is hit by Craig Cunningham.
19:41 of 2nd period - Kyle Brodziak is hit by Johan Ryno and loses puck.
19:54 of 2nd period - Snap shot by Petr Kalus.
19:54 of 2nd period - Stopped by Al Montoya with a rebound.
Goals for this period are 2 for Saguenéens vs 1 for Rafales.
Shots for this period are 9 for Saguenéens vs 11 for Rafales.

3rd period


0:01 of 3rd period - Dan Fritsche wins face-off versus Kyle Brodziak in neutral zone.
0:51 of 3rd period - Snap shot by Carl Klingberg.
0:51 of 3rd period - Shot Misses the Net.
0:53 of 3rd period - Slapshot by Matt Gilroy.
0:53 of 3rd period - Stopped by Al Montoya without a rebound.
0:54 of 3rd period - Brian Flynn wins face-off versus Petr Kalus in Saguenéens zone.
1:03 of 3rd period - Slapshot by Dan Fritsche.
1:03 of 3rd period - Shot Blocked by Roman Josi.
1:10 of 3rd period - Icing by Dan Fritsche.
1:11 of 3rd period - Kyle Brodziak wins face-off versus Petr Kalus in Rafales zone.
1:32 of 3rd period - Wrist shot by Dan Fritsche.
1:32 of 3rd period - Deflect By Mathieu Perreault.
1:32 of 3rd period - Stopped by Al Montoya with a rebound.
1:38 of 3rd period - Slapshot by Dan Fritsche.
1:38 of 3rd period - Stopped by Al Montoya without a rebound.
1:39 of 3rd period - Kyle Brodziak wins face-off versus Mike Sislo in Saguenéens zone.
1:43 of 3rd period - Off-side.
1:44 of 3rd period - Mike Sislo wins face-off versus Kyle Brodziak in neutral zone.
2:09 of 3rd period - Wrist shot by Ryan Ellis.
2:09 of 3rd period - Deflect By Jonathan Rheault.
2:09 of 3rd period - Shot Misses the Net.
2:09 of 3rd period - Puck is out of play.
2:10 of 3rd period - Dan Fritsche wins face-off versus Tim Kennedy in Saguenéens zone.
2:11 of 3rd period - Wrist shot by Cody McLeod.
2:11 of 3rd period - Shot Misses the Net.
2:19 of 3rd period - Snap shot by Cody McLeod.
2:19 of 3rd period - Stopped by Al Montoya without a rebound.
2:20 of 3rd period - Dan Fritsche wins face-off versus Kyle Brodziak in Saguenéens zone.
2:42 of 3rd period - Minor Penalty to Kyle Brodziak for Interference.
2:43 of 3rd period - Mathieu Perreault wins face-off versus Dan Fritsche in Saguenéens zone.
3:18 of 3rd period - Snap shot by Johan Ryno.
3:18 of 3rd period - Goal by Johan Ryno - Saguenéens : 2 - Rafales : 3.
3:19 of 3rd period - Dan Fritsche wins face-off versus Mathieu Perreault in neutral zone.
4:51 of 3rd period - Off-side.
4:52 of 3rd period - Nathan Davis wins face-off versus Mathieu Perreault in neutral zone.
4:55 of 3rd period - Snap shot by Johan Ryno.
4:55 of 3rd period - Shot Blocked by Tim Kennedy.
4:57 of 3rd period - Slapshot by Ryan Ellis.
4:57 of 3rd period - Shot Blocked by Dalton Prout.
4:59 of 3rd period - Snap shot by Nathan Davis.
4:59 of 3rd period - Shot Blocked by Tim Kennedy.
5:01 of 3rd period - Snap shot by Willie Mitchell.
5:01 of 3rd period - Shot Misses the Net.
5:03 of 3rd period - Snap shot by Mike Sislo.
5:03 of 3rd period - Stopped by Al Montoya without a rebound.
5:04 of 3rd period - Dan Fritsche wins face-off versus Kyle Brodziak in Saguenéens zone.
5:05 of 3rd period - Snap shot by Jonathan Rheault.
5:05 of 3rd period - Shot Misses the Net.
5:10 of 3rd period - Karel Pilar is hit by Ryan Ellis and loses puck.
5:59 of 3rd period - Snap shot by Brandon Burlon.
5:59 of 3rd period - Stopped by Loïc Lacasse without a rebound.
6:00 of 3rd period - Nathan Davis wins face-off versus Tyler Pitlick in Rafales zone.
6:00 of 3rd period - Nathan Davis is hit by Tyler Pitlick.
6:06 of 3rd period - Tim Kennedy is hit by Mike Sislo.
6:24 of 3rd period - Snap shot by Mathieu Perreault.
6:24 of 3rd period - Stopped by Loïc Lacasse with a rebound.
6:26 of 3rd period - Slapshot by Tyler Pitlick.
6:26 of 3rd period - Shot Misses the Net.
6:28 of 3rd period - Snap shot by Tyler Pitlick.
6:28 of 3rd period - Stopped by Loïc Lacasse without a rebound.
6:29 of 3rd period - Dan Fritsche wins face-off versus Kyle Brodziak in Rafales zone.
6:54 of 3rd period - J.T. Wyman is hit by Cody McLeod and loses puck.
7:39 of 3rd period - Slapshot by Mathieu Perreault.
7:39 of 3rd period - Shot Blocked by Bruno Gervais.
7:53 of 3rd period - Bruno Gervais is hit by Craig Cunningham and loses puck.
7:58 of 3rd period - Snap shot by Spencer Machacek.
7:58 of 3rd period - Stopped by Loïc Lacasse with a rebound.
8:00 of 3rd period - Snap shot by Roman Josi.
8:00 of 3rd period - Shot Blocked by Matt Gilroy.
8:02 of 3rd period - Snap shot by Roman Josi.
8:02 of 3rd period - Deflect By Kyle Brodziak.
8:02 of 3rd period - Shot Blocked by Petr Kalus.
8:02 of 3rd period - Puck is out of play.
8:03 of 3rd period - Nathan Davis wins face-off versus Brian Flynn in Rafales zone.
8:20 of 3rd period - Roman Josi is hit by Nathan Davis and loses puck.
8:38 of 3rd period - Wrist shot by Spencer Machacek.
8:38 of 3rd period - Stopped by Loïc Lacasse with a rebound.
8:40 of 3rd period - Slapshot by Roman Josi.
8:40 of 3rd period - Shot Blocked by Jeff Skinner.
8:42 of 3rd period - Snap shot by Craig Cunningham.
8:42 of 3rd period - Stopped by Loïc Lacasse with a rebound.
8:52 of 3rd period - Slapshot by Tim Kennedy.
8:52 of 3rd period - Deflect By Mathieu Perreault.
8:52 of 3rd period - Shot Misses the Net.
8:52 of 3rd period - Puck is out of play.
8:53 of 3rd period - Dan Fritsche wins face-off versus Tyler Pitlick in Rafales zone.
8:58 of 3rd period - Matt Gilroy is hit by Mathieu Perreault and loses puck.
9:21 of 3rd period - Snap shot by Tim Kennedy.
9:21 of 3rd period - Shot Misses the Net.
9:23 of 3rd period - Slapshot by Dalton Prout.
9:23 of 3rd period - Stopped by Loïc Lacasse with a rebound.
9:51 of 3rd period - Wrist shot by Tim Kennedy.
9:51 of 3rd period - Shot Misses the Net.
9:55 of 3rd period - Wrist shot by Tyler Pitlick.
9:55 of 3rd period - Stopped by Loïc Lacasse with a rebound.
9:57 of 3rd period - Slapshot by Kevin Marshall.
9:57 of 3rd period - Shot Misses the Net.
9:59 of 3rd period - Snap shot by Dalton Prout.
9:59 of 3rd period - Stopped by Loïc Lacasse without a rebound.
10:00 of 3rd period - Nathan Davis wins face-off versus Kyle Brodziak in Rafales zone.
10:11 of 3rd period - Nathan Davis is hit by Karel Pilar.
10:25 of 3rd period - J.T. Wyman is hit by Ryan Ellis and loses puck.
10:46 of 3rd period - Slapshot by Brett Lebda.
10:46 of 3rd period - Stopped by Loïc Lacasse with a rebound.
10:48 of 3rd period - Slapshot by Brett Lebda.
10:48 of 3rd period - Shot Misses the Net.
10:50 of 3rd period - Slapshot by Juraj Mikus.
10:50 of 3rd period - Shot Blocked by Kevin Veilleux.
10:52 of 3rd period - Wrist shot by Juraj Mikus.
10:52 of 3rd period - Stopped by Loïc Lacasse without a rebound.
10:53 of 3rd period - Nathan Davis wins face-off versus Kyle Brodziak in Rafales zone.
11:06 of 3rd period - Jonas Junland is hit by Spencer Machacek.
11:20 of 3rd period - Jonas Junland is hit by J.T. Wyman.
12:13 of 3rd period - Slapshot by Karel Pilar.
12:13 of 3rd period - Shot Blocked by Mark Fayne.
12:15 of 3rd period - Snap shot by Karel Pilar.
12:15 of 3rd period - Stopped by Loïc Lacasse with a rebound.
12:21 of 3rd period - Minor Penalty to Geoff Paukovich for Holding.
12:22 of 3rd period - Cody McLeod wins face-off versus Kyle Brodziak in Rafales zone.
12:22 of 3rd period - Cody McLeod is hit by Spencer Machacek.
12:38 of 3rd period - Cody McLeod is hit by Spencer Machacek and loses puck.
12:48 of 3rd period - Icing by Kevin Marshall.
12:49 of 3rd period - Brian Flynn wins face-off versus Cody McLeod in Saguenéens zone.
13:07 of 3rd period - Icing by Brett Lebda.
13:08 of 3rd period - Cody McLeod wins face-off versus Kyle Brodziak in Saguenéens zone.
13:32 of 3rd period - Mike Sislo is hit by Craig Cunningham and loses puck.
14:21 of 3rd period - Penalty to Geoff Paukovich is over, Geoff Paukovich is back on ice.
14:27 of 3rd period - Off-side.
14:28 of 3rd period - Nathan Davis wins face-off versus Juraj Mikus in neutral zone.
14:33 of 3rd period - Snap shot by Juraj Mikus.
14:33 of 3rd period - Stopped by Loïc Lacasse with a rebound.
14:44 of 3rd period - Icing by Brandon Burlon.
14:45 of 3rd period - Dan Fritsche wins face-off versus Juraj Mikus in Saguenéens zone.
14:47 of 3rd period - Minor Penalty to Cody McLeod for Roughing.
14:48 of 3rd period - Kyle Brodziak wins face-off versus Michael Bournival in Rafales zone.
15:19 of 3rd period - Wrist shot by Roman Josi.
15:19 of 3rd period - Shot Blocked by Willie Mitchell.
15:21 of 3rd period - Wrist shot by Brian Flynn.
15:21 of 3rd period - Deflect By Tyler Pitlick.
15:21 of 3rd period - Shot Misses the Net.
15:21 of 3rd period - Puck is out of play.
15:22 of 3rd period - Kyle Brodziak wins face-off versus Jayson Megna in Rafales zone.
15:33 of 3rd period - Snap shot by Spencer Machacek.
15:33 of 3rd period - Shot Misses the Net.
15:56 of 3rd period - Wrist shot by Carl Klingberg.
15:56 of 3rd period - Shot Blocked by Tyler Pitlick.
16:47 of 3rd period - Penalty to Cody McLeod is over, Cody McLeod is back on ice.
16:56 of 3rd period - Wrist shot by Nathan Davis.
16:56 of 3rd period - Stopped by Al Montoya with a rebound.
17:16 of 3rd period - Snap shot by Nathan Davis.
17:16 of 3rd period - Shot Blocked by Roman Josi.
17:24 of 3rd period - Ryan Ellis is hit by Brett Lebda.
19:27 of 3rd period - Saguenéens, Al Montoya is pulled from the net.
19:27 of 3rd period - Slapshot by Brett Lebda.
19:27 of 3rd period - Stopped by Loïc Lacasse with a rebound.
19:29 of 3rd period - Wrist shot by Kyle Brodziak.
19:29 of 3rd period - Shot Hit the Post.
19:31 of 3rd period - Wrist shot by Spencer Machacek.
19:31 of 3rd period - Stopped by Loïc Lacasse with a rebound.
19:33 of 3rd period - Slapshot by Kyle Brodziak.
19:33 of 3rd period - Stopped by Loïc Lacasse without a rebound.
19:34 of 3rd period - Mike Yeo call a timeout for Saguenéens.
19:34 of 3rd period - Dan Fritsche wins face-off versus Kyle Brodziak in Rafales zone.
19:39 of 3rd period - Wrist shot by Dan Fritsche.
19:39 of 3rd period - Shot Misses the Net.
19:55 of 3rd period - Snap shot by Spencer Machacek.
19:55 of 3rd period - Shot Blocked by Willie Mitchell.
Goals for this period are 0 for Saguenéens vs 1 for Rafales.
Shots for this period are 16 for Saguenéens vs 7 for Rafales.